Map: Acid Plant LE

Players

soO

  • Race: Zerg Zerg
  • League: Master
  • Spawn Location: 11:00

GOStephano (Stephano) - Winner!

  • Race: Zerg Zerg
  • Spawn Location: 5:00

Event: HomeStory Cup XVIII

VOD

Have the link to the VOD?

Description

Time

  • Played on: Nov. 23, 2018, 9:29 a.m.
  • Length: 8:20

All games in this series

Show
View Real Time Build Order
Export as new Build Order

soO Zerg 

Build Orders: Hatch First 

Get SALT Encoding   

  12  0:00  Drone  
  13  0:12  Overlord  
  13  0:16  Drone  
  14  0:30  Drone x2  
  14  0:33  Drone  
  17  0:51  Hatchery  
  17  0:54  Drone  
  17  0:57  Drone  
  18  1:08  Extractor  
  17  1:12  Spawning Pool  
  17  1:15  Drone  
  18  1:18  Drone  
  18  1:27  Drone  
  19  1:38  Overlord  
  19  1:50  Drone  
  20  1:58  Queen  
  20  1:59  Drone  
  23  2:03  Queen, Drone  
  23  2:07  Metabolic Boost  
  26  2:12  Drone  
  26  2:14  Drone  
  28  2:23  Drone  
  28  2:29  Drone  
  30  2:37  Hatchery, Zergling x2  
  30  2:45  Drone, Baneling Nest  
  30  2:49  Drone  
  31  2:54  Zergling x2  
  31  2:55  Zergling x2  
  33  2:59  Overlord  
  33  3:07  Drone x3  
  33  3:11  Overlord  
  36  3:19  Drone  
  37  3:21  Zergling x2  
  37  3:22  Zergling x4  
  40  3:31  Baneling x2  
  40  3:33  Zergling x4  
  42  3:35  Queen  
  44  3:45  Zergling x4  
  44  3:46  Zergling x2  
  45  4:01  Zergling x6  
  47  4:05  Drone x3  
  47  4:06  Baneling x2  
  50  4:10  Drone x3  
  50  4:12  Drone  
  54  4:18  Evolution Chamber, Zergling x4  
  54  4:19  Overlord  
  54  4:20  Drone x2  
  55  4:29  Drone x2  
  55  4:32  Drone  
  55  4:33  Baneling  
  55  4:37  Drone x2  
  57  4:39  Extractor  
  57  4:40  Extractor, Zergling x2  
  55  4:47  Zergling x2  
  55  4:48  Drone x2  
  55  4:49  Zerg Missile Weapons Level 1, Drone  
  55  4:50  Lair  
  58  4:52  Roach Warren  
  58  4:53  Drone  
  58  4:55  Drone x2, Baneling x2  
  58  4:58  Drone x2  
  58  5:05  Drone x3  
  62  5:07  Drone x3  
  62  5:11  Drone x2  
  62  5:12  Overlord  
  66  5:14  Overlord  
  66  5:19  Overlord  
  66  5:23  Overlord  
  66  5:29  Overlord  
  66  5:31  Drone x2  
  66  5:32  Drone x4  
  72  5:38  Drone x4  
  72  5:39  Drone  
  76  5:48  Extractor, Drone  
  76  5:49  Extractor, Drone  
  76  5:50  Extractor  
  76  5:51  Glial Reconstitution  
  76  5:52  Roach  
  76  5:53  Roach, Hatchery  
  76  5:56  Roach  
  80  6:03  Roach x5  
  90  6:11  Overlord  
  89  6:16  Roach x4  
  97  6:21  Drone  
  97  6:22  Overlord  
  97  6:23  Overseer, Overlord  
  97  6:25  Overseer, Overlord  
  98  6:31  Roach  
  98  6:32  Roach x3  
  106  6:37  Overlord  
  106  6:41  Roach x4  
  106  6:42  Roach  
  106  6:44  Overlord  
  115  6:49  Roach x3  
  115  6:52  Overseer  
  121  6:57  Queen  
  121  7:01  Ravager x3  
  126  7:02  Roach x3  
  126  7:08  Drone  
  133  7:10  Drone, Overlord  
  133  7:11  Overseer  
  134  7:16  Roach x5  
  134  7:17  Roach  
  146  7:23  Drone  
  146  7:28  Drone x2  
  149  7:30  Roach  
  149  7:31  Roach x4  
  149  7:33  Overlord  
  149  7:36  Overlord  
  159  7:46  Ravager  
  159  7:47  Overlord  
  158  7:52  Roach  
  158  7:53  Roach x3  
  158  7:55  Roach  
  158  7:57  Roach  
  158  7:58  Roach x4  
Show
View Real Time Build Order
Export as new Build Order

GOStephano Zerg - Winner!

Build Orders: Hatch First 

Get SALT Encoding   

  12  0:00  Drone  
  13  0:12  Overlord  
  13  0:18  Drone  
  14  0:31  Drone x2  
  16  0:48  Hatchery  
  15  0:51  Drone  
  15  0:55  Drone  
  17  0:59  Drone  
  18  1:08  Extractor  
  17  1:14  Spawning Pool  
  17  1:17  Drone  
  17  1:20  Drone  
  18  1:29  Drone  
  19  1:39  Drone  
  20  1:50  Drone  
  21  2:00  Queen x2, Drone  
  21  2:01  Overlord  
  26  2:11  Drone x2  
  26  2:12  Metabolic Boost  
  28  2:23  Drone, Zergling x2  
  30  2:34  Drone  
  30  2:35  Hatchery  
  30  2:41  Queen  
  32  2:51  Drone  
  32  2:53  Baneling Nest  
  32  2:54  Drone  
  32  2:55  Drone  
  32  2:56  Drone  
  35  2:58  Drone  
  35  3:05  Overlord  
  36  3:10  Overlord  
  35  3:15  Overlord  
  35  3:29  Zergling x8  
  35  3:30  Zergling x2  
  40  3:36  Baneling  
  40  3:37  Drone  
  41  3:42  Drone x5  
  41  3:44  Evolution Chamber  
  45  3:51  Baneling x2  
  45  4:00  Queen, Drone x7  
  51  4:05  Drone  
  51  4:09  Zergling x4  
  54  4:16  Baneling  
  54  4:17  Queen, Zerg Missile Weapons Level 1  
  54  4:19  Drone  
  54  4:20  Overlord  
  57  4:24  Overlord  
  57  4:30  Drone x2  
  57  4:33  Extractor x2  
  57  4:35  Drone x2  
  57  4:37  Baneling  
  57  4:42  Roach Warren  
  56  4:47  Drone x7  
  63  4:55  Drone x2  
  63  4:56  Baneling  
  64  5:03  Drone x3  
  67  5:11  Hatchery  
  67  5:13  Lair  
  66  5:15  Drone x6  
  72  5:28  Overlord  
  72  5:29  Zergling x4  
  72  5:30  Overlord  
  72  5:33  Overlord  
  73  5:36  Overlord  
  73  5:37  Extractor  
  73  5:38  Extractor, Overlord  
  73  5:41  Overlord, Baneling  
  71  5:44  Overlord  
  71  5:48  Extractor  
  70  5:55  Pneumatized Carapace  
  70  6:00  Overlord  
  70  6:02  Overlord  
  70  6:04  Overlord  
  70  6:05  Overlord  
  70  6:06  Roach x6  
  82  6:15  Roach x6  
  94  6:21  Glial Reconstitution  
  94  6:25  Roach x2  
  98  6:29  Roach  
  98  6:30  Roach x2  
  104  6:36  Roach  
  104  6:37  Roach x3  
  112  6:41  Roach x2  
  112  6:46  Roach x3  
  122  6:49  Roach x2  
  122  6:52  Baneling  
  126  6:54  Baneling  
  126  6:55  Overlord  
  126  6:56  Overlord x2  
  126  6:57  Roach  
  126  6:58  Roach  
  130  7:02  Roach x2  
  130  7:07  Roach x2, Baneling  
  138  7:14  Roach x3  
  144  7:19  Roach x3  
  144  7:22  Roach x2  
  153  7:27  Roach x2  
  157  7:34  Roach x3  
  157  7:35  Roach  
  165  7:38  Ravager x2  
  165  7:39  Roach  
  165  7:40  Roach  
  165  7:42  Roach  
  167  7:56  Roach x7  
  163  8:00  Roach x2  
Tags
 
Add a new tag
Caveats
  • Supply blocks, unpowered buildings, or Contaminate may cause inaccurate times.
  • Supply counts are checked every 10 seconds.